 Dungeon Crawl Stone Soup version 0.28.0 (webtiles) character file.

Game seed: 9156101474866484854

944 funkygono the Firebug (level 8, 0/41 HPs)
             Began as a Gargoyle Fire Elementalist on Feb 14, 2022.
             Was a Follower of Vehumet.
             Slain by Menkaure (20 damage)
             ... on level 5 of the Dungeon.
             The game lasted 00:10:27 (6607 turns).

funkygono the Firebug (Gargoyle Fire Elementalist)  Turns: 6607, Time: 00:10:28

Health: 0/41       AC:  9    Str: 13    XL:     8   Next: 12%
Magic:  0/16       EV: 12    Int: 17    God:    Vehumet [*.....]
Gold:   140        SH:  0    Dex: 10    Spells: 7/18 levels left

rFire   . . .      SeeInvis .   e - +5 mace (protect)
rCold   . . .      Faith    .   (no shield)
rNeg    + + .      Spirit   .   a - +0 robe
rPois   ∞          Reflect  .   r - +0 helmet
rElec   +          Harm     .   (no cloak)
rCorr   .          Rampage  .   (no gloves)
Will    .....                   x - +0 pair of boots
Stlth   ++........              (no amulet)
HPRegen 0.13/turn               b - ring of positive energy
MPRegen 0.15/turn               (no ring)

@: no status effects
A: sickness immunity, AC +5, negative energy resistance 1, electricity
resistance, torment resistance 1, petrification resistance
a: Renounce Religion


You were on level 5 of the Dungeon.
You worshipped Vehumet.
Vehumet was aware of your devotion.
You visited 2 branches of the dungeon, and saw 6 of its levels.
You also visited: Ossuary.

You collected 140 gold pieces.

Inventory:

Hand Weapons
 e - a +5 mace of protection (weapon)
 i - a +0 vorpal whip
Missiles
 g - 158 stones
Armour
 a - a +0 robe (worn)
 p - a +0 leather armour
 r - a +0 helmet (worn)
 x - a +0 pair of boots (worn)
Magical Staves
 c - a staff of cold
Jewellery
 b - a ring of positive energy (left hand)
Wands
 o - a wand of paralysis (16)
Scrolls
 j - a scroll of blinking {unknown}
 q - a scroll of fear {unknown}
 t - a scroll of summoning {unknown}
 v - a scroll of enchant armour {unknown}
 w - a scroll of magic mapping
Potions
 d - 2 potions of might {unknown}
 f - 2 potions of attraction
 h - 4 potions of heal wounds
 k - 3 potions of curing {unknown}
 l - 2 potions of magic {unknown}
 m - a potion of degeneration {unknown}
 n - a potion of mutation {unknown}
 s - a potion of lignification {unknown}
 u - 2 potions of experience {unknown}


   Skills:
 + Level 0.1 Fighting
 + Level 0.6 Maces & Flails
 + Level 1.6 Dodging
 - Level 2.1 Stealth
 * Level 5.8 Spellcasting
 * Level 4.1 Conjurations
 * Level 6.0 Fire Magic
 * Level 1.3 Earth Magic


You had 7 spell levels left.
You knew the following spells:

 Your Spells              Type           Power      Damage    Failure   Level
a - Foxfire               Conj/Fire      88%        2x1d8     1%          1
b - Scorch                Fire           50%        2d8       1%          2
c - Conjure Flame         Conj/Fire      22%        6-21      4%          3
d - Flame Wave            Conj/Fire      22%        2d7       16%         4
e - Sandblast             Erth           18%        2d7       8%          1

Your spell library contained the following spells:

 Spells                   Type           Power      Damage    Failure   Level
 Inner Flame              Hex/Fire       15%        N/A       12%         3
 Dazzling Flash           Conj/Hex       22%        N/A       17%         3
 Tukima's Dance           Hex            4%         N/A       36%         3
 Anguish                  Hex/Necr       2%         N/A       78%         4
 Agony                    Necr           4%         N/A       98%         5
 Silence                  Hex/Air        2%         N/A       98%         5
 Enfeeble                 Hex            2%         N/A       100%        7


Dungeon Overview and Level Annotations

Branches:
Dungeon (5/15)             Temple (1/1) D:4         Ossuary (visited)

Altars:
Ashenzari
Cheibriados
Dithmenos
Elyvilon
Gozag
Kikubaaqudgha
Makhleb
Ru
Sif Muna
Trog
Uskayaw
Vehumet
Wu Jian
Xom
Yredelemnul
The Shining One

Annotations:
D:5 Menkaure


Innate Abilities, Weirdness & Mutations

You are immune to sickness and miasma.
Your stone body is resilient. (AC +5)
You are immune to poison.
You resist negative energy. (rN+)
You are resistant to electric shocks. (rElec)
You are resistant to unholy torment.
You are immune to petrification.


Message History

You conjure some foxfire!
The jelly hits you but does no damage.
Unknown command.
The foxfire hits the jelly.
The jelly is heavily wounded.
The foxfire hits the jelly!
The jelly is almost dead.
Things that are here:
a +0 scale mail; a +0 hand axe
Casting: Foxfire (safe; 1% risk of failure)
Confirm with . or Enter, or press ? or * to list all spells.
You conjure some foxfire!
The jelly barely misses you.
The foxfire hits the jelly.
You kill the jelly!
Vehumet accepts your kill.
The foxfire hits Menkaure!
Menkaure is burned terribly!
Menkaure is moderately damaged.
Menkaure barely misses you.
Casting: Foxfire (safe; 1% risk of failure)
Confirm with . or Enter, or press ? or * to list all spells.
You conjure some foxfire!
Menkaure barely misses you.
Unknown command.
The foxfire hits Menkaure!
Menkaure is burned terribly!
Menkaure is severely damaged.
The foxfire hits Menkaure.
Menkaure is burned terribly!
Menkaure is severely damaged.
Found 11 gold pieces.
Menkaure misses you.
Casting: Foxfire (safe; 1% risk of failure)
Confirm with . or Enter, or press ? or * to list all spells.
You conjure some foxfire!
Menkaure casts a spell at you. Pain shoots through your body!
The foxfire hits Menkaure.
Menkaure is severely damaged.
The foxfire hits Menkaure.
Menkaure is burned terribly!
Menkaure is almost destroyed.
Casting: Foxfire (safe; 1% risk of failure)
Confirm with . or Enter, or press ? or * to list all spells.
You don't have enough magic to cast this spell.
Menkaure hits you!!
You die...

#......####...........#.....
#......#..##.....##.......##
#......#............#.#.#...
#.........#.#...#.#.# ..#.#.
#....#####..#.#.#.... ......
##....# ###.......##. ..##.
##.....# #.....#.....$ ......
##......# ##.M..#....#.###.#..
##.......####..@..#.............
##..#..#####..##.......##.....##.
#..##..# #.....#.#.#...........
..###.## #...#.#...#.#.#...#.#.
.##.'.#######....÷.......#.#.#...
#.###.......#..##.....##.......##
#..##.......#..#...........#.....
#...#.......#..##.###.#....#....#
'...........#..#######.....#.....


You could see Menkaure (fast).

Vanquished Creatures
  Edmund (D:5)
  An ice beast (D:5)
  An ogre (D:4)
  2 jellies (D:5)
  3 centaur zombies (Ossuary)
  2 orc priests
  A centaur skeleton (D:5)
  A gnoll shaman (D:5)
  A bullfrog skeleton (D:4)
  2 iguanas
  Robin (D:3)
  5 mummies
  6 adders
  5 gnolls
  An ufetubus (D:5)
  2 worms
  2 dart slugs
  6 orcs
  5 ball pythons
  7 endoplasms
  4 giant cockroaches
  14 goblins
  10 hobgoblins
  3 jackals (D:3)
  5 quokkas
  7 bats
  A frilled lizard (D:1)
  4 hobgoblin zombies
  10 kobolds
  An orc zombie (D:5)
  8 rats
122 creatures vanquished.

Vanquished Creatures (others)
  337 foxfires
337 creatures vanquished.

Grand Total: 459 creatures vanquished

Notes
Turn   | Place    | Note
-------+----------+-------------------------------------------
     0 | D:1      | funkygono the Gargoyle Fire Elementalist began the quest
                  | for the Orb.
     0 | D:1      | Reached XP level 1. HP: 10/10 MP: 3/3
   412 | D:1      | Reached XP level 2. HP: 15/15 MP: 1/5
   415 | D:1      | Learned a level 2 spell: Scorch
   458 | D:1      | Found a faded altar of an unknown god.
  1316 | D:2      | Reached XP level 3. HP: 13/19 MP: 0/6
  1320 | D:2      | Learned a level 3 spell: Conjure Flame
  1743 | D:2      | Reached XP level 4. HP: 24/24 MP: 2/7
  2321 | D:2      | Reached skill level 4 in Fire Magic
  2972 | D:2      | Reached XP level 5. HP: 17/28 MP: 0/9
  3055 | D:2      | Learned a level 4 spell: Flame Wave
  3703 | D:3      | Noticed Robin
  3712 | D:3      | Killed Robin
  4411 | D:4      | Noticed an ogre
  4414 | D:4      | Killed an ogre
  4415 | D:4      | Reached XP level 6. HP: 32/32 MP: 5/12
  4476 | D:4      | Found a staircase to the Ecumenical Temple.
  4491 | Temple   | Entered the Ecumenical Temple
  4636 | Temple   | Became a worshipper of Vehumet
  4825 | D:4      | Reached skill level 5 in Fire Magic
  5438 | D:5      | Entered Level 5 of the Dungeon
  5504 | D:5      | Noticed an ice beast
  5516 | D:5      | Killed an ice beast
  5517 | D:5      | Reached XP level 7. HP: 36/36 MP: 3/13
  5689 | D:5      | Found a sand-covered staircase.
  5730 | Ossuary  | Entered an ossuary
  5885 | Ossuary  | Reached * piety under Vehumet
  5885 | Ossuary  | Offered knowledge of Sandblast by Vehumet.
  5889 | Ossuary  | Learned a level 1 spell: Sandblast
  6087 | D:5      | Found a shimmering altar of Xom.
  6171 | D:5      | Reached skill level 5 in Spellcasting
  6540 | D:5      | Noticed Edmund
  6541 | D:5      | Noticed Menkaure
  6563 | D:5      | Killed Edmund
  6564 | D:5      | Reached skill level 6 in Fire Magic
  6564 | D:5      | Reached skill level 1 in Earth Magic
  6564 | D:5      | Reached XP level 8. HP: 22/41 MP: 2/16
  6607 | D:5      | Slain by Menkaure

Illustrated notes

Levels and vault maps discovered:
D:1:      amcnicky_arrival_wind_blow, layout_loops_corners,
          shapermc_ecumenical_altar_venn, minmay_split_cup_small
D:2:      minmay_skewed_foursquare, layout_basic, kennysheep_generic_room_7
D:3:      layout_loops_ring, st_stairs_6, uniq_robin
D:4:      layout_rooms, minmay_temple_entry_grid, corexii_shack
D:5:      nicolae_cairo_tiling_large_dashed, layout_gridville,
          overflow_temple_1_default, mainiacjoe_overflow_tiny_flanked,
          nicolae_ossuary_entry_giza, serial_shops, shop, uniq_edmund,
          uniq_menkaure
Temple:   regret_index_temple_generic_petals

Skill      XL: |  1  2  3  4  5  6  7 |
---------------+----------------------+-----
Conjurations   | 2 3 4 |  4.1
Fire Magic     | 4 5 6 |  6.0
Spellcasting   | 3 4 5 |  5.8
Earth Magic    | 1 |  1.3
Fighting       | |  0.1
Maces & Flails | |  0.6
Dodging        | |  1.6
Stealth        | |  2.1

Action                   |  1- 3 |  4- 6 |  7- 9 || total
-------------------------+-------+-------+-------++-------
Melee: Mace              |     2 |     8 |     9 ||    19
 Cast: Foxfire           |    38 |    98 |    67 ||   203
       Scorch            |     8 |    30 |     7 ||    45
       Sandblast         |       |       |    19 ||    19
  Use: Scroll            |       |     8 |       ||     8
       Potion            |       |       |     1 ||     1
Armor: Robe              |     1 |     6 |    19 ||    26
Dodge: Dodged            |     7 |     8 |    32 ||    47
